 Dungeon Crawl Stone Soup version 0.20.1-1-g8b1a95d (webtiles) character file.

41 Kingsmith the Conjurer (level 3, -1/24 HPs)
             Began as a Mummy Conjurer on Dec 6, 2017.
             Slain by a frilled lizard (2 damage)
             ... on level 3 of the Dungeon.
             The game lasted 00:02:52 (1572 turns).

Kingsmith the Conjurer (Mummy Conjurer)             Turns: 1572, Time: 00:02:52

Health: -1/24      AC:  3    Str: 11    XL:     3   Next: 32%
Magic:  5/7        EV: 12    Int: 15    God:
Gold:   66         SH:  0    Dex: 12    Spells: 1/7 levels left

rFire    x . .     SeeInvis .   c - +0 spear
rCold    + . .     Gourm    .   (no shield)
rNeg     + + +     Faith    .   a - +0 robe
rPois    ∞         Spirit   .   (no helmet)
rElec    .         Reflect  .   d - +0 cloak
rCorr    .         Harm     .   (no gloves)
MR       .....                  (no boots)
Stlth    ++........             (no amulet)
Regen    0.1/turn               (no ring)
MPRegen  0.1/turn               (no ring)

@: no status effects
A: no food or potions, fire vulnerability, cold resistance 1, negative energy
resistance 3, torment resistance, unbreathing
a: no special abilities


You were on level 3 of the Dungeon.
You were not hungry.

You visited 1 branch of the dungeon, and saw 3 of its levels.

You collected 66 gold pieces.

Inventory:

Hand Weapons
 c - a +0 spear (weapon)
Armour
 a - a +0 robe (worn)
 d - a +0 cloak (worn)
Jewellery
 h - an uncursed amulet of guardian spirit {unknown}
Scrolls
 e - a scroll of recharging {unknown}
 f - a scroll of remove curse
 g - a scroll of enchant armour {unknown}
 j - a scroll of amnesia {unknown}
Books
 b - a book of Conjurations

   Spells                             Type                      Level
   a - Magic Dart                     Conjuration                  1
   b - Searing Ray                    Conjuration                  2
   c - Dazzling Spray                 Conjuration/Hexes            3
   d - Fulminant Prism                Conjuration/Hexes            4
   e - Force Lance                    Conjuration/Translocation    4
   f - Iskenderun's Mystic Blast      Conjuration                  4


   Skills:
 - Level 1.5 Dodging
 - Level 1.5 Stealth
 - Level 2.6 Spellcasting
 + Level 4.2 Conjurations


You had one spell level left.
You knew the following spells:

 Your Spells              Type           Power        Failure   Level  Hunger
a - Magic Dart            Conj           ##..         3%          1    N/A
b - Searing Ray           Conj           ##....       5%          2    N/A
c - Dazzling Spray        Conj/Hex       #.....       26%         3    N/A

Dungeon Overview and Level Annotations

Branches:
Dungeon (3/15)

Altars:


Innate Abilities, Weirdness & Mutations

You do not eat or drink.
Your flesh is vulnerable to fire.
You are immune to poison.
Your flesh is cold resistant. (rC+)
You are immune to negative energy. (rN+++)
You are immune to unholy pain and torment.
You can survive without breathing.


Message History

You are too injured to fight recklessly!
Casting: Magic Dart
Confirm with . or Enter, or press ? or * to list all spells.
Aiming: Magic Dart
Press: ? - help, Shift-Dir - straight line, f/p - bat
Aim: a bat (severely wounded)
The magic dart hits the bat.
You kill the bat!
The hobgoblin barely misses you. The kobold hits you with a whip.
* * * LOW HITPOINT WARNING * * *
The frilled lizard misses you.
Casting: Magic Dart
Confirm with . or Enter, or press ? or * to list all spells.
Aiming: Magic Dart
Press: ? - help, Shift-Dir - straight line, f - kobold
Aim: a kobold, wielding a whip The magic dart hits the kobold.
The kobold hits you with a whip.
* * * LOW HITPOINT WARNING * * *
The hobgoblin barely misses you. The frilled lizard bites you.
You die...

# .... #.#..#
#.#..######
###.#........
.<....%....#
#..........# #.#
#..#.K.....# #?#
##..#@l...... ########.#
#$..(†g#.....
......##.###...#..####..
#####<##.#.>..........
#.##.#.#......####
#####......(......#
................#.#
##########.#.####.#
#.#... .#


You could see a hobgoblin, a kobold and a frilled lizard.

Vanquished Creatures
  An adder (D:2)
  A worm (D:2)
  A leopard gecko (D:1)
  A giant cockroach (D:3)
  4 hobgoblins
  2 jackals (D:1)
  2 kobolds (D:1)
  3 bats
  A frilled lizard (D:1)
  6 goblins
  6 rats
28 creatures vanquished.

Notes
Turn   | Place    | Note
-------+----------+-------------------------------------------
     0 | D:1      | Kingsmith the Mummy Conjurer began the quest for the Orb.
     0 | D:1      | Reached XP level 1. HP: 13/13 MP: 4/4
   547 | D:1      | Reached XP level 2. HP: 14/19 MP: 5/5
   554 | D:1      | Learned a level 2 spell: Searing Ray
  1069 | D:2      | Reached skill level 4 in Conjurations
  1304 | D:2      | Reached XP level 3. HP: 24/24 MP: 2/7
  1309 | D:2      | Learned a level 3 spell: Dazzling Spray
  1572 | D:3      | HP: 1/24 [kobold/whip (6)]
  1572 | D:3      | Slain by a frilled lizard

Skill      XL: |  1  2 |
---------------+-------+-----
Conjurations   | 4 |  4.2
Dodging        | |  1.5
Stealth        | |  1.5
Spellcasting   | |  2.6

Action                   || total
-------------------------++-------
Melee: Spear             ||    86
 Cast: Magic Dart        ||    26
       Searing Ray       ||     1
  Use: Scroll            ||     1
 Stab: Sleeping          ||     1
Armor: Robe              ||    26
Dodge: Dodged            ||    67
